 Dungeon Crawl Stone Soup version 0.26-a0-707-g31817bcca1 (webtiles) character file.

Game seed: 12082461842995870715

262 lunkers the Firebug (level 6, -5/32 HPs)
             Began as a Tengu Fire Elementalist on Oct 26, 2020.
             Killed by nerve-wracking pain
             ... invoked by an orc priest
              (13 damage)
             ... on level 4 of the Dungeon.
             The game lasted 00:08:09 (5025 turns).

lunkers the Firebug (Tengu Fire Elementalist)       Turns: 5025, Time: 00:08:10

Health: -5/32      AC:  2    Str:  8    XL:     6   Next: 18%
Magic:  10/11      EV: 12    Int: 18    God:
Gold:   204        SH:  0    Dex: 14    Spells: 6/11 levels left

rFire    . . .     SeeInvis .   q - +1 short sword (venom)
rCold    . . .     Faith    .   (no shield)
rNeg     . . .     Spirit   .   a - +0 robe
rPois    .         Reflect  .   (helmet restricted)
rElec    .         Harm     .   (no cloak)
rCorr    +         Rampage  .   (no gloves)
MR       .....                  (boots unavailable)
Stlth    ++........             (no amulet)
HPRegen  0.10/turn              t - ring of resist corrosion
MPRegen  0.12/turn              (no ring)

@: no status effects
A: beak, talons 3, able to fly
a: Fly


You were on level 4 of the Dungeon.
You visited 1 branch of the dungeon, and saw 4 of its levels.

You collected 204 gold pieces.

Inventory:

Hand Weapons
 f - a +2 vampiric whip
 q - a +1 short sword of venom (weapon)
Armour
 a - a +0 robe (worn)
Magical Staves
 v - an uncursed staff of cold
Jewellery
 t - a ring of resist corrosion (left hand)
Scrolls
 b - a scroll of enchant armour {unknown}
 d - 2 scrolls of teleportation {unknown}
 e - 4 scrolls of remove curse {unknown}
 i - 7 scrolls of identify {unknown}
 j - 2 scrolls of blinking {unknown}
 l - 2 scrolls of random uselessness {unknown}
 o - a scroll of enchant weapon {unknown}
 s - a scroll of immolation {unknown}
 w - 2 scrolls of magic mapping {unknown}
Potions
 c - 2 potions of berserk rage {unknown}
 g - a potion of mutation {unknown}
 h - 2 potions of curing {unknown}
 k - 2 potions of might {unknown}
 m - a potion of invisibility {unknown}
 n - 2 potions of ambrosia {unknown}
 p - 2 potions of cancellation {unknown}
 r - 2 potions of magic {unknown}
 u - a potion of resistance {unknown}


   Skills:
 - Level 2.1 Dodging
 - Level 2.0 Stealth
 + Level 3.0 Spellcasting
 * Level 5.0 Conjurations
 * Level 5.3 Fire Magic


You had 6 spell levels left.
You knew the following spells:

 Your Spells              Type           Power        Failure   Level
b - Sticky Flame          Conj/Fire      ###.....     19%         4
p - Foxfire               Conj/Fire      ###.         1%          1

Your spell library contained the following spells:

 Spells                   Type           Power        Failure   Level
 Conjure Flame            Conj/Fire      ###.....     6%          3
 Inner Flame              Hex/Fire       ##......     16%         3
 Fireball                 Conj/Fire      ###.......   47%         5


Dungeon Overview and Level Annotations

Branches:
Dungeon (4/15)
 Temple: D:4-7

Altars:
Qazlal


Innate Abilities, Weirdness & Mutations

You have a beak for a mouth.
You have claws for feet.
You can fly continuously.


Message History

The orc wizard is almost dead.
The orc wizard zaps a wand.
You barely resist.
Casting: Foxfire (safe; 1% risk of failure)
Confirm with . or Enter, or press ? or * to list all spells.
You conjure some foxfire!
The orc wizard gestures wildly while chanting.
The orc wizard flickers and vanishes!
Deactivating autopickup; reactivate with Ctrl-A.
The foxfire hits something.
Reactivating autopickup.
Your Conjurations skill increases to level 5!
You feel a bit more experienced.
An orc comes into view. It is wielding a +0 dagger.
An orc comes into view. It is wielding a +0 hand axe.
The orc shouts!
The orc shouts!
The orc throws a stone.
The stone closely misses you.
The orc priest calls down the wrath of Beogh upon you.
Pain shoots through your body!
You die...

...[.#.# #...........###.####.
.....#.# #..##.#.###.# #.####.
.....#.#########....# #.# #..>...
.....#.#.........)o.###.#########
######.#.#########......)..o....#
.......##...)........##########.#
.#######...######..o..........#.#
.#.#.#..####..###..#...#......#.#
.#......# #.(..@...o#........#.#
........# #.#.##.##..........#.#
####.#### #......####.#......#..
#.## #......# #.##......### #..#
#.....## #.#####.### #####.##
#....<# #.## ##.# .......#
#<....# ##.###.## #.#....#
####### ##...## ....#..# ##.##


You could see an orc priest and 2 orcs.

Vanquished Creatures
  A bullfrog skeleton (D:4)
  An orc priest (D:3)
  An orc wizard (D:4)
  An iguana (D:4)
  A worker ant (D:4)
  4 adders
  4 worms
  A dart slug (D:1)
  4 leopard geckos
  5 orcs (D:3)
  3 ball pythons
  11 bats
  A giant cockroach (D:1)
  6 hobgoblins
  8 jackals
  6 kobolds
  A quokka (D:2)
  3 frilled lizards
  5 goblins
  11 rats
78 creatures vanquished.

Vanquished Creatures (others)
  190 foxfires
190 creatures vanquished.

Grand Total: 268 creatures vanquished

Notes
Turn   | Place    | Note
-------+----------+-------------------------------------------
     0 | D:1      | lunkers the Tengu Fire Elementalist began the quest for the
                  | Orb.
     0 | D:1      | Reached XP level 1. HP: 10/10 MP: 4/4
   232 | D:1      | Reached XP level 2. HP: 14/15 MP: 3/6
   962 | D:1      | Reached XP level 3. HP: 19/19 MP: 4/7
  1876 | D:2      | Reached XP level 4. HP: 24/24 MP: 5/8
  1987 | D:2      | Learned a level 4 spell: Sticky Flame
  2716 | D:3      | Gained mutation: You can fly continuously. [Tengu growth]
  2716 | D:3      | Reached XP level 5. HP: 25/28 MP: 3/10
  4160 | D:4      | Found a stormy altar of Qazlal.
  4366 | D:4      | Reached skill level 5 in Fire Magic
  4578 | D:4      | Reached XP level 6. HP: 3/32 MP: 11/11
  5014 | D:4      | Reached skill level 5 in Conjurations
  5025 | D:4      | Killed from afar by an orc priest

Illustrated notes

Levels and vault maps discovered:
D:1:      nicolae_arrival_memento_mori, layout_basic
D:2:      layout_rooms, bh_walls_and_bars
D:3:      layout_loops_corners
D:4:      layout_loops_cross, grunt_qazlal_sundering, serial_co_window_serial,
          co_window_paths_a, co_window_paths_a, co_window_cross_1,
          co_window_paths_a, co_window_of_opportunity_a, co_window_corner_cb,
          co_window_corner_ca, co_window_unsneaky_path_a, co_window_corner_ca,
          glass_columns_b, glass_columns_a, glass_columns_a, glass_columns_b,
          glass_columns_c

Skill      XL: |  1  2  3  4  5  6 |
---------------+-------------------+-----
Conjurations   | 2 3 4 5 |  5.0
Fire Magic     | 4 5 |  5.3
Spellcasting   | 3 |  3.0
Dodging        | |  2.1
Stealth        | |  2.0

Action                   |  1- 3 |  4- 6 || total
-------------------------+-------+-------++-------
Melee: Unarmed           |     2 |     1 ||     3
       Peck              |     1 |     6 ||     7
       Kick              |     1 |     5 ||     6
       Short sword       |       |    28 ||    28
 Cast: Foxfire           |    58 |    52 ||   110
 Stab: Sleeping          |       |     2 ||     2
Armor: Robe              |    13 |     4 ||    17
Dodge: Dodged            |    22 |    22 ||    44

Table legend: (Time is in decaauts)
 A = Elapsed time spent in this place.
 B = Non-inter-level travel time spent in this place.
 C = Inter-level travel time spent in this place.
 D = Time resting spent in this place.
 E = Time spent auto-exploring this place.
 F = Levels seen in this place.
 G = Mean time per level.
                   A        B        C        D        E       F      G
               +--------+--------+--------+--------+--------+-----+--------+
         Total |   5024 |   4939 |     85 |     26 |   4282 |   4 | 1256.0 |
       Dungeon |   5024 |   4939 |     85 |     26 |   4282 |   4 | 1256.0 |
               +--------+--------+--------+--------+--------+-----+--------+

Top non-repeatable levels by time:
     D:3: 1495 daAuts
     D:4: 1432 daAuts
     D:1: 1300 daAuts
     D:2: 796 daAuts
